 Dungeon Crawl Stone Soup version 0.27.0-1-g7a089689b8 (webtiles) character file.

Game seed: 9643422335503370970

3882 ZARRMARR the Cleaver (level 10, -6/86 HPs)
             Began as a Hill Orc Monk on Aug 4, 2021.
             Was an Elder of Beogh.
             Mangled by a two-headed ogre (14 damage)
             ... on level 8 of the Dungeon.
             The game lasted 00:45:12 (9899 turns).

ZARRMARR the Cleaver (Hill Orc Monk)                Turns: 9899, Time: 00:45:12

Health: -6/86      AC:  7    Str: 18    XL:     10   Next: 19%
Magic:  10/10      EV: 14    Int: 10    God:    Beogh [****..]
Gold:   547        SH:  0    Dex: 13    Spells: 2/9 levels left

rFire    . . .     SeeInvis .   E - +2 broad axe (vamp)
rCold    . . .     Faith    .   (no shield)
rNeg     . . .     Spirit   .   b - +0 robe
rPois    +         Reflect  .   p - +0 helmet
rElec    .         Harm     .   z - +0 cloak
rCorr    .         Rampage  .   y - +1 pair of gloves
Will     .....                  F - +0 pair of boots
Stlth    +++.......             (no amulet)
HPRegen  0.24/turn              (no ring)
MPRegen  0.12/turn              (no ring)

@: about to teleport, studying Armour
A: poison resistance
a: Renounce Religion, Smiting, Recall Orcish Followers


You were on level 8 of the Dungeon.
You worshipped Beogh.
Beogh was greatly pleased with you.
You visited 1 branch of the dungeon, and saw 8 of its levels.
You also visited: Sewer.

You collected 547 gold pieces.

Inventory:

Hand Weapons
 C - a +4 quarterstaff of chaos
 E - a +2 vampiric broad axe (weapon)
 L - a +1 spear of flaming
Missiles
 e - 336 stones
 g - 8 poisoned darts (quivered)
 J - a curare-tipped dart
Armour
 b - a +0 robe (worn)
 p - a +0 helmet (worn)
 y - a +1 pair of gloves (worn)
 z - a +0 cloak (worn)
 F - a +0 pair of boots (worn)
Magical Staves
 c - a staff of earth
Jewellery
 a - a ring of ice
 l - a ring of fire
Wands
 n - a wand of polymorph (16)
 r - a wand of flame (7)
 B - a wand of acid (7)
 D - a wand of iceblast (11)
Scrolls
 d - 7 scrolls of teleportation
 h - 2 scrolls of fog
 o - a scroll of noise {unknown}
 v - 2 scrolls of enchant weapon
 x - 3 scrolls of immolation
 I - a scroll of enchant armour {unknown}
 K - a scroll of silence {unknown}
Potions
 f - 2 potions of brilliance
 i - 3 potions of curing
 j - a potion of experience {unknown}
 k - 3 potions of haste {unknown}
 m - 2 potions of heal wounds {unknown}
 q - a potion of lignification {unknown}
 t - a potion of berserk rage {unknown}
 u - a potion of flight {unknown}
 w - a potion of cancellation {unknown}
 A - 2 potions of mutation
 G - 2 potions of ambrosia {unknown}
 H - a potion of degeneration {unknown}


   Skills:
 + Level 7.5 Fighting
 + Level 11.4 Axes
 + Level 6.6 Throwing
 + Level 5.1 Dodging
 + Level 4.4 Stealth
 + Level 0.6 Evocations


You had 2 spell levels left.
You knew the following spells:

 Your Spells              Type           Power      Damage    Failure   Level
a - Dragon Form           Tmut           0%         N/A       100%        7

Your spell library contained the following spells:

 Spells                   Type           Power      Damage    Failure   Level
 Cause Fear               Hex            0%         N/A       98%         4
 Dragon's Call            Summ           0%         N/A       100%        9


Dungeon Overview and Level Annotations

Branches:
Dungeon (8/15)             Temple (0/1) D:6            Lair (0/6) D:8
  Sewer (visited)

Altars:
Dithmenos
Kikubaaqudgha
Okawaru
Qazlal
Trog
Yredelemnul


Innate Abilities, Weirdness & Mutations

Your system is resistant to poisons. (rPois)


Message History

You slash the wolf!
The wolf is moderately wounded.
You closely miss the wolf.
You kill the hound!
Beogh accepts your kill. The wolf barely misses you.
The centaur shoots an arrow.
The arrow misses you.
A wolf comes into view.
The wolf bites you!
The centaur shoots an arrow.
The arrow hits you! The wolf barely misses you.
As you read the scroll of teleportation, it crumbles to dust.
You feel strangely unstable. The wolf bites you.
A centaur zombie comes into view.
The centaur shoots an arrow.
The arrow closely misses you. The hound bites you. The wolf bites you.
You slash the wolf!
The wolf is almost dead.
You closely miss the hound. You hit the two-headed ogre.
You feel better.
The centaur shoots an arrow.
The arrow closely misses you. The hound bites you but does no damage.
The wolf barely misses you.
The wolf pauses to sniff the water.
Your orc knight barely misses the electric eel.
The centaur shoots an arrow.
The arrow hits you.
You slash the wolf!
You feel better.
You kill the wolf!
Beogh accepts your kill.
You closely miss the wolf. You hit the two-headed ogre.
You feel better.
The centaur shoots an arrow.
The arrow hits you! The two-headed ogre closely misses you.
The two-headed ogre hits you but does no damage.
Your orc knight misses the electric eel.
The wolf bites you but does no damage.
You barely miss the two-headed ogre.
The two-headed ogre is lightly wounded.
You barely miss the hound. You hit the wolf but do no damage.
The hound completely misses you.
The wolf splashes around in the water.
Your orc knight hits the electric eel with a +0 short sword.
The two-headed ogre hits you with a +0 giant spiked club!!
* * * LOW HITPOINT WARNING * * *
The two-headed ogre hits you with a +0 dire flail!
You die...

#..<..# #.....#
? #.....# . ..
#.....#.. ...
#........
....###....c#..#
................
.......$h......≈
.......@Oh.Z≈≈≈
...≈..hhh≈.≈.≈≈
....≈≈o;(≈≈≈≈≈.
.....≈≈≈≈≈≈≈≈≈≈
.....≈≈≈≈≈≈≈≈≈≈
>..≈≈≈≈(≈.≈.≈≈≈
....≈≈≈(...≈≈≈≈
...≈≈≈.≈.>..≈≈≈


You could see a two-headed ogre, 2 wolves, a centaur, 3 hounds, an electric eel
(ally target), a centaur zombie and a friendly orc knight.

Vanquished Creatures
  A wyvern (D:5)
  4 yaks (D:6)
  A water moccasin (D:5)
  A sky beast (D:7)
  A black bear (D:5)
  A hornet zombie (D:6)
  2 ice beasts
  2 necrophages (D:5)
  A wolf (D:8)
  2 centaurs (D:4)
  A phantom (D:5)
  A kobold brigand (D:7)
  A gnoll sergeant (D:7)
  4 bullfrogs (D:7)
  4 scorpions
  3 killer bees (D:7)
  A water moccasin skeleton (D:7)
  A howler monkey (D:7)
  A centaur zombie (D:7)
  A bullfrog zombie (D:7)
  3 hounds
  Crazy Yiuf (D:4)
  An orc priest (D:6)
  A centaur skeleton (D:7)
  2 iguanas
  Natasha (thrice) (D:2)
  An orc wizard (D:6)
  A hound skeleton (D:4)
  A howler monkey zombie (D:7)
  Robin (D:2)
  5 gnolls (D:7)
  9 adders
  2 howler monkey skeletons
  A river rat (Sewer)
  A shadow imp (D:5)
  A white imp (D:5)
  2 ufetubi
  2 adder skeletons (D:4)
  A worm (D:5)
  2 dart slugs
  5 orcs
  5 endoplasms
  7 giant cockroaches
  18 goblins
  5 hobgoblins
  9 jackals
  6 quokkas
  6 ball pythons
  3 bats
  6 frilled lizards
  10 kobolds
  5 rats
160 creatures vanquished.

Vanquished Creatures (collateral kills)
  A manticore (D:7)
  An ogre (D:7)
  A scorpion (D:7)
  A hound (D:7)
  A jelly (D:6)
  A centaur skeleton (D:7)
  2 iguanas
  An orc wizard (D:7)
  A howler monkey zombie (D:7)
  An orc (D:6)
  2 kobolds (D:7)
13 creatures vanquished.

Vanquished Creatures (others)
  An orc (D:7)
1 creature vanquished.

Grand Total: 174 creatures vanquished

Notes
Turn   | Place    | Note
-------+----------+-------------------------------------------
     0 | D:1      | ZARRMARR the Hill Orc Monk began the quest for the Orb.
     0 | D:1      | Reached XP level 1. HP: 19/19 MP: 1/1
   129 | D:1      | Found a faded altar of an unknown god.
   411 | D:1      | Reached XP level 2. HP: 27/27 MP: 2/2
  1041 | D:2      | Noticed Natasha
  1053 | D:2      | Noticed a crimson imp
  1057 | D:2      | Killed Natasha
  1058 | D:2      | Reached XP level 3. HP: 8/33 MP: 3/3
  1192 | D:2      | Noticed Natasha
  1201 | D:2      | Killed Natasha
  1202 | D:2      | Reached skill level 5 in Axes
  1202 | D:2      | Reached XP level 4. HP: 10/40 MP: 4/4
  1849 | D:2      | Reached skill level 1 in Throwing
  2288 | D:2      | Noticed Robin
  2309 | D:2      | HP: 2/41 [Robin/goblin (1)]
  2327 | D:2      | Noticed Natasha
  2337 | D:2      | HP: 2/41 [Natasha (3)]
  2340 | D:2      | Killed Natasha
  2341 | D:2      | Reached XP level 5. HP: 3/47 MP: 5/5
  2709 | D:2      | Killed Robin
  3613 | D:3      | Became a worshipper of Beogh the Brigand
  3613 | D:3      | Reached * piety under Beogh
  3613 | D:3      | Reached ** piety under Beogh
  4137 | D:4      | Noticed a centaur
  4150 | D:4      | Killed a centaur
  4151 | D:4      | Reached XP level 6. HP: 39/53 MP: 6/6
  4423 | D:4      | Found an iron altar of Okawaru.
  4498 | D:4      | Found a runed translucent door.
  4499 | D:4      | Noticed Crazy Yiuf
  4580 | D:4      | Found an ancient bone altar of Kikubaaqudgha.
  4733 | D:4      | Noticed an ice beast
  4989 | D:4      | Killed an ice beast
  4990 | D:4      | Reached skill level 6 in Axes
  4990 | D:4      | Reached XP level 7. HP: 44/60 MP: 7/7
  5191 | D:5      | Entered Level 5 of the Dungeon
  5430 | D:5      | Reached skill level 5 in Fighting
  5796 | D:5      | Reached skill level 7 in Axes
  5796 | D:5      | Reached XP level 8. HP: 58/68 MP: 8/8
  6189 | D:5      | Noticed a wyvern
  6203 | D:5      | HP: 1/68 [wyvern (4)]
  6213 | D:5      | Killed a wyvern
  6794 | D:4      | Killed Crazy Yiuf
  6980 | D:6      | Noticed a yak
  6985 | D:6      | Noticed a yak
  6990 | D:6      | Killed a yak
  6990 | D:6      | Noticed a yak
  6990 | D:6      | Noticed a yak
  6991 | D:6      | Reached skill level 8 in Axes
  6995 | D:6      | Killed a yak
  7005 | D:6      | Found a large runed translucent door.
  7007 | D:6      | Found a large runed translucent door.
  7010 | D:6      | Gained mutation: Your system is resistant to poisons.
                  | (rPois) [potion of mutation]
  7010 | D:6      | Gained mutation: Your magical capacity is low. (-10% MP)
                  | [potion of mutation]
  7010 | D:6      | Lost mutation: Your magical capacity is low. (-10% MP)
                  | [potion of mutation]
  7028 | D:6      | Found a glowing drain.
  7041 | Sewer    | Entered a sewer
  7045 | Sewer    | Reached *** piety under Beogh
  7580 | D:6      | Killed a yak
  7581 | D:6      | Reached skill level 9 in Axes
  7581 | D:6      | Reached skill level 5 in Throwing
  7581 | D:6      | Reached XP level 9. HP: 75/75 MP: 9/9
  7907 | D:6      | Found a shadowy altar of Dithmenos.
  7907 | D:6      | Found a basalt altar of Yredelemnul.
  8116 | D:6      | Found a staircase to the Ecumenical Temple.
  8556 | D:6      | Found a stormy altar of Qazlal.
  8568 | D:6      | Found a bloodstained altar of Trog.
  8839 | D:7      | Reached skill level 10 in Axes
  8885 | D:7      | Reached **** piety under Beogh
  9136 | D:7      | Learned a level 7 spell: Dragon Form
  9383 | D:7      | Noticed a manticore
  9402 | D:7      | Reached XP level 10. HP: 39/86 MP: 10/10
  9403 | D:7      | Killed a manticore
  9404 | D:7      | Reached skill level 11 in Axes
  9404 | D:7      | Reached skill level 5 in Dodging
  9889 | D:8      | Noticed a two-headed ogre
  9893 | D:8      | Found a staircase to the Lair.
  9899 | D:8      | Mangled by a two-headed ogre

Illustrated notes

Levels and vault maps discovered:
D:1:      minmay_arrival_arboretum_small, layout_loops_ring,
          hellmonk_ecumenical_altar_heavens_door
D:2:      layout_basic, uniq_natasha, uniq_robin
D:3:      layout_basic, skrybe_limestone_x
D:4:      layout_cave_pools, amcnicky_altar_gilded,
          mainiacjoe_overflow_surrounded_room, minmay_manual_moon,
          uniq_crazy_yiuf_cottage
D:5:      layout_loops_cross
D:6:      layout_gridville, jmf_multi_god_temple2, jmf_multi_god_temple,
          temple_doors_ab, portal_sewer_entry_f
D:7:      cheibrodos_barr_body, layout_basic
D:8:      layout_basic, erik_lair_island

Skill      XL: |  1  2  3  4  5  6  7  8  9 10 |
---------------+-------------------------------+-----
Fighting       | 4 5 6 7 |  7.5
Axes           | 5 6 7 9 10 11 | 11.4
Stealth        | 2 3 4 |  4.4
Throwing       | 1 2 3 4 5 6 |  6.6
Dodging        | 3 4 5 |  5.1
Evocations     | |  0.6

Action                   |  1- 3 |  4- 6 |  7- 9 | 10-12 || total
-------------------------+-------+-------+-------+-------++-------
Melee: Hand axe          |    49 |   157 |    53 |       ||   259
       Unarmed           |       |     3 |       |       ||     3
       Broad axe         |       |       |   213 |     9 ||   222
Throw: Dart              |    17 |    69 |   116 |     5 ||   207
       Stone             |     8 |       |     1 |       ||     9
       Boomerang         |       |    25 |     4 |       ||    29
Invok: Convert to Beogh  |       |     1 |       |       ||     1
Evoke: Wand              |       |       |     4 |       ||     4
  Use: Scroll            |       |     4 |     6 |     2 ||    12
       Potion            |       |       |     4 |       ||     4
 Stab: Sleeping          |     4 |     2 |     5 |     1 ||    12
       Invisible         |       |       |     2 |       ||     2
Armor: Robe              |     5 |    45 |    66 |     5 ||   121
       Skin              |       |     1 |       |       ||     1
Dodge: Dodged            |    34 |   110 |   170 |    19 ||   333
